 Dungeon Crawl Stone Soup version 0.30.0-18-gc0e69614cb (webtiles) character file.

Game seed: 12053597287966340041

223 Irreverend the Cudgeller (level 5, -17/47 HPs)
             Began as a Minotaur Fighter on May 26, 2023.
             Demolished by an ogre
             ... wielding a +0 giant spiked club
              (18 damage)
             ... on level 4 of the Dungeon.
             The game lasted 00:05:06 (3247 turns).

Irreverend the Cudgeller (Minotaur Fighter)         Turns: 3247, Time: 00:05:07

Health: -17/47     AC:  8    Str: 22    XL:     5   Next: 66%
Magic:  4/4        EV:  9    Int:  5    God:
Gold:   236        SH:  4    Dex: 10    Spells: 4/4 levels left

rFire   . . .        o - +1 sling (freeze)
rCold   . . .        c - +0 buckler
rNeg    . . .        b - +0 scale mail
rPois   .            (helmet restricted)
rElec   .            n - +0 cloak
rCorr   .            (no gloves)
SInv    .            (no boots)
Will    .....        (no amulet) Stlth
                     (no ring)
HPRegen 0.27/turn    (no ring)
MPRegen 0.09/turn

%: no passive effects
@: no status effects
A: horns 2, retaliatory headbutt
a: no special abilities


You were on level 4 of the Dungeon.
You visited 1 branch of the dungeon, and saw 4 of its levels.

You collected 236 gold pieces.

Inventory:

Hand Weapons
 a - a +0 flail
 f - a +0 lajatang
 o - a +1 sling of freezing (weapon)
Missiles
 u - 4 datura-tipped darts
Armour
 b - a +0 scale mail (worn)
 c - a +0 buckler (worn)
 n - a +0 cloak (worn)
Jewellery
 t - a ring of flight
Wands
 y - a wand of light (8)
Scrolls
 e - a scroll of amnesia {unknown}
 i - 3 scrolls of teleportation {unknown}
 j - a scroll of immolation {unknown}
 k - 2 scrolls of enchant armour {unknown}
 l - a scroll of silence {unknown}
 m - a scroll of blinking {unknown}
 p - 2 scrolls of magic mapping {unknown}
 r - 2 scrolls of identify {unknown}
 s - 2 scrolls of fear
Potions
 d - 5 potions of might
 g - a potion of curing {unknown}
 h - a potion of attraction {unknown}
 q - a potion of heal wounds {unknown}
 v - a potion of brilliance {unknown}
 w - a potion of magic {unknown}
 x - 2 potions of cancellation {unknown}
 z - a potion of ambrosia {unknown}
 A - 2 potions of mutation {unknown}
 B - a potion of degeneration {unknown}


   Skills:
 + Level 4.7 Fighting
 * Level 4.9 Maces & Flails
 + Level 4.7 Armour
 + Level 4.7 Shields


You had 4 spell levels left.
You didn't know any spells.
Your spell library contained the following spells:

 Spells                   Type           Power      Damage    Failure   Level
 Freeze                   Ice            0%         1d3       85%         1
 Slow                     Hex            0%         N/A       85%         1
 Sting                    Tmut/Pois      0%         1d3       85%         1
 Poisonous Vapours        Pois/Air       0%         N/A       94%         2
 Sublimation of Blood     Necr           0%         N/A       94%         2
 Wereblood                Tmut           0%         N/A       94%         2
 Confusing Touch          Hex            0%         N/A       99%         3
 Frozen Ramparts          Ice            0%         1d1       99%         3
 Hailstorm                Conj/Ice       0%         3d3       99%         3
 Vampiric Draining        Necr           0%         2d6       99%         3
 Olgreb's Toxic Radiance  Pois           0%         N/A       100%        4
 Summon Hydra             Summ           0%         N/A       100%        7


Dungeon Overview and Level Annotations

Branches:
Dungeon (4/15)
 Temple: D:4-7

Altars:
Dithmenos

Shops:
D:2 =


Innate Abilities, Weirdness & Mutations

You have a pair of horns on your head.
You reflexively headbutt those who attack you in melee.


Message History

You kill the goblin!
The howler monkey hoots and howls with incredible vigour!
You hear an angry hiss. x2; You hear a shout!
An orc comes into view. It is wielding a +0 dagger.
A ball python comes into view.
There is a stone staircase leading up here.
The howler monkey hoots and howls with incredible vigour!
You hear a shout! x2
You shoot a sling bullet. The sling bullet hits the ogre.
The sling bullet freezes the ogre.
The ogre is severely wounded.
The ogre barely misses you.
The howler monkey hoots and howls with incredible vigour!
You hear a shout!
You shoot a sling bullet. The sling bullet hits the ogre.
The sling bullet freezes the ogre.
The ogre is almost dead.
The ogre hits you with a +0 giant spiked club!
The orc hits you with a +0 dagger. The orc attacks as you move away!
The orc hits you but does no damage.
You shoot a sling bullet. The sling bullet hits the orc.
The sling bullet freezes the orc.
The orc is heavily wounded.
The howler monkey hoots and howls with incredible vigour!
The orc hits you with a +0 dagger.
The ogre hits you with a +0 giant spiked club!!
You hear a bark!
The orc barely misses you.
The howler monkey hits you but does no damage.
The howler monkey hits you but does no damage.
The orc attacks as you move away! The orc hits you with a +0 dagger.
The howler monkey hoots and howls with incredible vigour!
You hear an angry hiss.
You hear a bark!
The howler monkey hits you but does no damage.
The orc attacks as you move away! You block the orc's attack.
The ogre hits you with a +0 giant spiked club!!
* * * LOW HITPOINT WARNING * * *
The ogre attacks as you move away!
The ogre hits you with a +0 giant spiked club!!
You die...

##.........## ####.........##
#.....#.....# #####........#
#..........#####.###...#....#
####.....#..#..........#....##
##........#.................##.
#....###.##..............##....
##...# ####...h.S##.....###....
###..## ##....oO.#.............
##.....###.....@###..<.##.......
#....#..#....##.##.....##.......
##..###.....####.##...#..........
#..######..#####.##..###..#.#....
#..###.#..............##....##.##
##.....#..##..##.).....#....##...
.#..##.#.###......##..##...####..
g....#)............##h...#.# #...
.......#.....##....##....#####...


You could see an ogre, a howler monkey, an orc and a ball python.

Vanquished Creatures
  A scorpion (D:3)
  An orc wizard (D:3)
  4 adders
  An ufetubus (D:4)
  A worm (D:4)
  3 dart slugs
  7 orcs
  4 endoplasms
  7 giant cockroaches
  15 goblins
  4 hobgoblins
  7 jackals
  6 kobolds
  A quokka (D:1)
  5 ball pythons
  4 bats
  6 frilled lizards
  A rat (D:2)
78 creatures vanquished.

Notes
Turn   | Place    | Note
-------+----------+-------------------------------------------
     0 | D:1      | Irreverend the Minotaur Fighter began the quest for the
                  | Orb.
     0 | D:1      | Reached XP level 1. HP: 19/19 MP: 0/0
   189 | D:1      | Reached XP level 2. HP: 27/27 MP: 1/1
   845 | D:2      | Reached XP level 3. HP: 29/33 MP: 2/2
  1299 | D:2      | Found Niannos's Jewellery Shop.
  1686 | D:3      | Reached XP level 4. HP: 40/40 MP: 3/3
  1970 | D:3      | Found a shadowy altar of Dithmenos.
  2480 | D:4      | Noticed a scorpion
  2535 | D:3      | Killed a scorpion
  2536 | D:3      | Reached XP level 5. HP: 26/47 MP: 4/4
  3198 | D:4      | Noticed an ogre
  3246 | D:4      | HP: 1/47 [ogre/+0 giant spiked club (18)]
  3247 | D:4      | Demolished by an ogre

Illustrated notes

Levels and vault maps discovered:
D:1:      minmay_arrival_semitransparent, layout_loops_ring,
          grunt_decor_mini_mirrors
D:2:      cheibrodos_greedy_goblins, layout_basic, serial_shops,
          nicolae_shop_gaudy_bauble, minmay_pentomino_pile
D:3:      layout_loops_ring, grunt_dithmenos_smoke_and_mirrors
D:4:      layout_cave_pools, nicolae_overflow_hidden_temple,
          uniq_crazy_yiuf_cottage

Skill      XL: |  1  2  3  4 |
---------------+-------------+-----
Maces & Flails | 3 4 |  4.9
Fighting       | 4 |  4.7
Armour         | 4 |  4.7
Shields        | 4 |  4.7

Action                     |  1- 3 |  4- 6 || total
---------------------------+-------+-------++-------
  Melee: Flail             |    23 |       ||    23
         Headbutt          |     2 |       ||     2
   Fire: Sling             |    85 |   126 ||   211
    Use: Scroll            |       |     1 ||     1
 Armour: Scale mail        |    50 |    54 ||   104
  Dodge: Dodged            |    40 |    58 ||    98
  Block: Buckler           |    30 |    24 ||    54
